 Dungeon Crawl Stone Soup version 0.18-a0-965-g9200175 (webtiles) character file.

4659 root the Arsonist (level 10, -1/73 HPs)
             Began as a Mottled Draconian Fire Elementalist on Jan 1, 2016.
             Was a Follower of Vehumet.
             Killed from afar by an electric eel (11 damage)
             ... with a bolt of electricity
             ... on level 11 of the Dungeon.
             The game lasted 00:47:06 (8535 turns).

root the Arsonist (DrFE)                            Turns: 8535, Time: 00:47:06

Health: -1/73      AC: 11    Str: 11    XL:     10   Next: 20%
Magic:  7/21       EV: 17    Int: 18    God:    Vehumet [*.....]
Gold:   363        SH:  0    Dex: 12    Spells: 3 memorised, 16 levels left

rFire  . . .     SeeInvis .     (no weapon)
rCold  . . .     Gourm    .     (armour unavailable)
rNeg   . . .     Faith    .     (no shield)
rPois  .         Spirit   .     (helmet restricted)
rElec  .         Dismiss  .     L - +1 cloak
rCorr  .         Reflect  .     I - +0 pair of gloves
SustAt .         Harm     .     z - +0 pair of boots
MR     +....                    (no amulet)
Stlth  ++........               A - ring of protection from magic
                                J - +3 ring of evasion

@: somewhat resistant to hostile enchantments, unstealthy
A: breathe sticky flame splash, unfitting armour, cold-blooded, AC +7
a: Breathe Sticky Flame, Renounce Religion


You were on level 11 of the Dungeon.
You worshipped Vehumet.
Vehumet was aware of your devotion.
You were hungry.

You visited 2 branches of the dungeon, and saw 10 of its levels.
You also visited: Ice Cave.

You collected 363 gold pieces.

Inventory:

Missiles
 y - 4 javelins (quivered)
Armour
 m - a +0 shield
 z - a +0 pair of boots (worn)
 I - a +0 pair of gloves (worn)
 L - a +1 cloak (worn)
Magical Staves
 R - an uncursed staff of cold {unknown}
Jewellery
 d - an uncursed ring of stealth
 A - a ring of protection from magic (right hand)
 J - a +3 ring of evasion (left hand)
Wands
 C - a wand of random effects (28/48)
 G - a wand of heal wounds (8/9)
Scrolls
 c - 3 scrolls of identify
 j - 3 scrolls of teleportation
 k - 4 scrolls of remove curse {unknown}
 s - a scroll of blinking
 w - a scroll of noise
Potions
 e - 2 potions of might {unknown}
 f - a potion of heal wounds {unknown}
 g - 2 potions of cure mutation {unknown}
 i - 2 potions of invisibility {unknown}
 n - a potion of poison {unknown}
 o - a potion of beneficial mutation {unknown}
 p - 2 potions of curing {unknown}
 t - 2 potions of agility {unknown}
 E - a potion of resistance {unknown}
 H - a potion of brilliance {unknown}
 Q - a potion of mutation {unknown}
Books
 a - a book of Flames

   Spells                             Type                      Level
   a - Flame Tongue                   Conjuration/Fire             1
   b - Throw Flame                    Conjuration/Fire             2
   c - Conjure Flame                  Conjuration/Fire             3
   d - Inner Flame                    Hexes/Fire                   3
   e - Sticky Flame                   Conjuration/Fire             4
   f - Fireball                       Conjuration/Fire             5
 q - a book of Clouds

   Spells                             Type                      Level
   a - Mephitic Cloud                 Conjuration/Poison/Air       3
   b - Conjure Flame                  Conjuration/Fire             3
   c - Poisonous Cloud                Conjuration/Poison/Air       6
   d - Freezing Cloud                 Conjuration/Ice/Air          6
   e - Ring of Flames                 Charms/Fire                  7
 D - an Akashic Record

   Spells                             Type                      Level
   a - Dispersal                      Translocation                6
   b - Malign Gateway                 Summoning/Translocation      7
   c - Disjunction                    Translocation                8
   d - Controlled Blink               Translocation                8
 M - a Young Poisoner's Handbook

   Spells                             Type                      Level
   a - Sting                          Conjuration/Poison           1
   b - Cure Poison                    Poison                       2
   c - Mephitic Cloud                 Conjuration/Poison/Air       3
   d - Olgreb's Toxic Radiance        Poison                       4
   e - Venom Bolt                     Conjuration/Poison           5
Comestibles
 b - 9 bread rations
 h - 5 meat rations
 l - a beef jerky
 v - 3 fruits
 x - a royal jelly


   Skills:
 + Level 2.1 Fighting
 + Level 2.2 Throwing
 + Level 5.2 Dodging
 - Level 1.7 Stealth
 + Level 7.8 Spellcasting
 + Level 7.0 Conjurations
 + Level 9.5 Fire Magic


You had 16 spell levels left.
You knew the following spells:

 Your Spells              Type           Power        Failure   Level  Hunger
a - Flame Tongue          Conj/Fire      #####        1%          1    None
b - Conjure Flame         Conj/Fire      #####...     1%          3    #......
c - Sticky Flame          Conj/Fire      #####...     3%          4    ###....


Dungeon Overview and Level Annotations

Branches:
Dungeon (11/15)            Temple (1/1) D:6
   Lair: D:8-11         Orc: D:9-12

Altars:
Ashenzari
Cheibriados
Dithmenos
Elyvilon
Fedhas
Gozag
Kikubaaqudgha
Makhleb
Nemelex Xobeh
Okawaru
Qazlal
Ru
Sif Muna
Trog
Vehumet
Xom
Zin
The Shining One

Shops:
D:3 *

Annotations:
D:3 Sigmund
D:5 Grinder


Innate Abilities, Weirdness & Mutations

You can spit globs of burning liquid.
You can ignite nearby creatures when you spit burning liquid.
Your weird mottled scales are hard (AC +7).
Your body does not fit into most forms of armour.
You are cold-blooded and may be slowed by cold attacks.


Message History

Confirm with . or Enter, or press ? or * to list all spells.
Aiming: Flame Tongue
Press: ? - help, Shift-Dir - straight line, f/p - PeterLawrence's ghost
Aim: PeterLawrence's ghost, wielding a vorpal weapon (lightly damaged)
The flame tongue hits PeterLawrence's ghost.
PeterLawrence's ghost appears unharmed.
PeterLawrence's ghost is lightly damaged.
PeterLawrence's ghost closely misses you.
There is an ice covered gate leading back out of this place here.
PeterLawrence's ghost hits you!
* * * LOW HITPOINT WARNING * * *
x2 Welcome back to the Dungeon! x2
The hungry ghost hits you.
You are feeling hungry.
There is a collapsed entrance here.
The electric eel shoots out a bolt of lightning at you!
The bolt of electricity hits you!
* * * LOW HITPOINT WARNING * * *
The bolt of electricity hits you!
You die...

.... .. ... #≈≈ .. ... ##
#... ... .. .#.≈.≈≈ ....
.##.#.≈.≈≈
....###.........
#.........#.≈.≈≈≈
#...#..#@.#.≈.≈≈≈ ≈.≈.
#.........≈.;≈≈ .≈.≈.
#.##.#.W.#..≈.≈≈≈ ≈<≈.≈≈
........Y...≈.≈≈≈ .≈≈≈.≈≈
#......#.................
............≈.≈≈≈≈≈≈≈≈.≈≈
#########.##≈........≈...
#.##≈≈≈≈≈≈≈≈.≈...
######'##≈≈≈≈≈≈≈≈.≈.≈≈


You could see a hungry ghost, an ice beast and an electric eel.

Vanquished Creatures
  2 hill giants (D:11)
  The ghost of dvd the Magician, a novice DrTm of Cheibriados (D:6)
  2 ice devils (IceCv)
  Prince Ribbit (D:5)
  Duvessa (D:5)
  A black bear (D:6)
  2 ice beasts
  5 ogres
  A sky beast (D:8)
  A centaur (D:11)
  A crocodile (D:8)
  Blork the orc (D:6)
  3 giant frogs
  Dowan (D:5)
  2 scorpions
  3 wights (D:7)
  2 electric eels (D:11)
  A centaur zombie (D:7)
  A quasit (D:8)
  Crazy Yiuf (D:5)
  A giant frog zombie (D:7)
  4 hounds
  2 jellies
  A giant frog skeleton (D:5)
  3 orc priests
  2 iguanas
  8 orc wizards
  4 worker ants
  4 sheep (D:11)
  11 adders
  A shadow imp (D:6)
  5 oozes
  2 adder skeletons
  A worm (D:4)
  4 giant geckos
  18 orcs
  7 bats
  2 giant cockroaches
  13 goblins
  8 hobgoblins
  13 jackals
  2 kobolds
  2 quokkas
  A ball python (D:1)
  A giant cockroach zombie (D:5)
  7 giant newts
  8 rats
168 creatures vanquished.

Notes
Turn   | Place    | Note
--------------------------------------------------------------
     0 | D:1      | root the Draconian Fire Elementalist began the quest for the Orb.
     0 | D:1      | Reached XP level 1. HP: 14/14 MP: 3/3
   126 | D:1      | Reached XP level 2. HP: 20/20 MP: 0/5
   745 | D:1      | Reached XP level 3. HP: 26/26 MP: 3/6
  1318 | D:2      | Reached skill level 4 in Fire Magic
  1366 | D:2      | Reached XP level 4. HP: 17/33 MP: 1/8
  2148 | D:3      | Found an opulent altar of Gozag.
  2152 | D:3      | Found Gozag's Platinum Reserve.
  2413 | D:3      | Reached XP level 5. HP: 38/38 MP: 1/9
  2878 | D:3      | Noticed Sigmund
  3525 | D:4      | Reached XP level 6. HP: 31/45 MP: 1/11
  3913 | D:4      | Learned a level 3 spell: Conjure Flame
  4138 | D:4      | Found a glowing silver altar of Zin.
  4138 | D:4      | Noticed an angel
  4213 | D:4      | Reached skill level 5 in Fire Magic
  4382 | D:4      | Your scales start taking on a weird mottled colour.
  4382 | D:4      | Reached XP level 7. HP: 49/51 MP: 7/13
  4442 | D:5      | Entered Level 5 of the Dungeon
  4454 | D:5      | Noticed Prince Ribbit
  4581 | D:5      | Noticed Duvessa
  4581 | D:5      | Noticed Dowan
  4588 | D:5      | Killed Dowan
  4595 | D:5      | Killed Duvessa
  4595 | D:5      | Reached skill level 1 in Fighting
  4595 | D:5      | Reached skill level 6 in Fire Magic
  4909 | D:5      | Reached skill level 1 in Throwing
  5216 | D:5      | Reached XP level 8. HP: 30/59 MP: 5/15
  5231 | D:5      | Reached skill level 5 in Spellcasting
  5295 | D:5      | Killed Prince Ribbit
  5295 | D:5      | Reached skill level 7 in Fire Magic
  5402 | D:5      | Found a glowing golden altar of the Shining One.
  5486 | D:5      | Learned a level 4 spell: Sticky Flame
  5650 | D:5      | Noticed Grinder
  5690 | D:5      | Noticed Crazy Yiuf
  5697 | D:5      | Killed Crazy Yiuf
  5791 | D:6      | Noticed Blork the orc
  5791 | D:6      | Noticed dvd's ghost (novice DrTm)
  6206 | D:6      | Killed dvd's ghost
  6206 | D:6      | Reached skill level 5 in Conjurations
  6240 | D:6      | Killed Blork the orc
  6313 | D:6      | Reached skill level 8 in Fire Magic
  6313 | D:6      | Reached XP level 9. HP: 64/64 MP: 9/18
  6757 | D:6      | Found a staircase to the Ecumenical Temple.
  6763 | Temple   | Entered the Ecumenical Temple
  6780 | Temple   | Became a worshipper of Vehumet
  7088 | D:7      | Noticed a red ugly thing
  7713 | D:8      | Reached * piety under Vehumet
  7713 | D:8      | Offered knowledge of Shock by Vehumet.
  7730 | D:8      | You fall through a shaft for 3 floors!
  7893 | D:11     | Noticed a hill giant
  7912 | D:11     | Killed a hill giant
  7912 | D:11     | Reached skill level 9 in Fire Magic
  7917 | D:11     | Reached skill level 5 in Dodging
  8134 | D:11     | Noticed a hill giant
  8197 | D:11     | Killed a hill giant
  8197 | D:11     | Reached XP level 10. HP: 73/73 MP: 14/21
  8269 | D:11     | Noticed a cyclops
  8319 | D:11     | Found a frozen archway.
  8327 | IceCv    | Entered an ice cave
  8508 | IceCv    | Noticed PeterLawrence's ghost (journeyman GrFi)
  8535 | D:11     | Killed from afar by an electric eel

Vault maps used:
D:1:      dpeg_arrival_court
D:3:      nicolae_gozag_zags_fifth_avenue, uniq_sigmund
D:4:      zin_angel
D:5:      first_bread, hangedman_abyss_or_decor_lesser_grid, tso_metal_star,
          uniq_duvessa, uniq_prince_ribbit1, uniq_crazy_yiuf_cottage,
          uniq_grinder
D:6:      lemuel_upstairs_altar, minmay_temple_entry_enclosed_plants,
          uniq_blork_the_orc
D:8:      enter_ossuary_4, serial_shops, nicolae_shop_behind_doors,
          kennysheep_little_box, shop, uniq_maurice
D:11:     serial_shops, nicolae_shop_stone, portal_ice_cave_entry_pillars_01
Temple:   lightli_temple_of_artemis
IceCv:    ice_cave_tombish

Action                   |  1- 3 |  4- 6 |  7- 9 | 10-12 || total
-------------------------+-------+-------+-------+-------++-------
Melee: Unarmed           |     6 |     3 |       |       ||     9
Throw: Javelin           |       |     8 |    14 |     1 ||    23
 Cast: Flame Tongue      |    68 |   148 |   266 |    27 ||   509
       Conjure Flame     |       |     1 |     3 |       ||     4
       Sticky Flame      |       |       |     7 |     3 ||    10
 Abil: Breathe Sticky Fl |       |       |    11 |       ||    11
  Use: Scroll            |       |       |    11 |       ||    11
 Stab: Sleeping          |       |     1 |       |       ||     1
  Eat: Chunk             |     2 |    10 |    14 |     1 ||    27
       Pizza             |       |       |       |     1 ||     1
